 Dungeon Crawl Stone Soup version 0.19.5 (webtiles) character file.

3600 Hybris the Spear-Bearer (level 9, 0/72 HPs)
             Began as a Demonspawn Berserker on Mar 25, 2017.
             Was a Priest of Trog.
             Splashed by a jelly's acid (8 damage)
             ... on level 7 of the Dungeon.
             The game lasted 00:15:40 (10486 turns).

Hybris the Spear-Bearer (Demonspawn Berserker)     Turns: 10486, Time: 00:15:41

Health: 0/72       AC: -9    Str: 20    XL:     9   Next: 85%
Magic:  9/9        EV: 12    Int: 10    God:    Trog [***...]
Gold:   347        SH:  0    Dex: 12    Spells: 0 memorised, 8 levels left

rFire  + . .     SeeInvis .     w - +1 whip (freeze)
rCold  + . .     Gourm    .     b - +0 animal skin
rNeg   . . .     Faith    .     (no shield)
rPois  .         Spirit   .     (helmet unavailable)
rElec  .         Reflect  .     (no cloak)
rCorr  .         Harm     .     (no gloves)
MR     ++...                    (no boots)
Stlth  +++.......               (no amulet)
                                u - ring of protection from cold
                                q - ring of flight

@: corroded, regenerating
A: horns 3, fire resistance 1, nightstalker 2
a: Berserk, Trog's Hand, Burn Spellbooks, Renounce Religion, Evoke Flight


You were on level 7 of the Dungeon.
You worshipped Trog.
Trog was most pleased with you.
You were hungry.

You visited 1 branch of the dungeon, and saw 7 of its levels.

You collected 347 gold pieces.

Inventory:

Hand Weapons
 a - a +0 spear
 w - a +1 whip of freezing (weapon)
Armour
 b - a +0 animal skin (worn)
Jewellery
 q - a ring of flight (left hand)
 u - a ring of protection from cold (right hand)
Wands
 x - a wand of iceblast (11/15)
Scrolls
 d - 2 scrolls of recharging {unknown}
 f - 2 scrolls of remove curse
 h - a scroll of noise
 m - 2 scrolls of identify
 o - 4 scrolls of amnesia {unknown}
 r - a scroll of summoning {unknown}
 s - 2 scrolls of enchant weapon {unknown}
 t - a scroll of random uselessness {unknown}
 y - 2 scrolls of magic mapping {unknown}
 B - a scroll of teleportation {unknown}
Potions
 e - a potion of might {unknown}
 i - 2 potions of cancellation {unknown}
 j - a potion of curing
 k - 2 potions of ambrosia {unknown}
 l - 2 potions of heal wounds {unknown}
 n - 3 potions of flight
 z - a potion of lignification {unknown}
Books
 v - a book of Minor Magic

   Spells                             Type                      Level
   a - Magic Dart                     Conjuration                  1
   b - Blink                          Translocation                2
   c - Call Imp                       Summoning                    2
   d - Repel Missiles                 Charms/Air                   2
   e - Slow                           Hexes                        2
   f - Conjure Flame                  Conjuration/Fire             3
   g - Mephitic Cloud                 Conjuration/Poison/Air       3
   Trog disapproves of the use of such an item.
Comestibles
 c - 5 bread rations
 g - 3 meat rations
 p - 3 fruits
 A - a beef jerky
 C - 9 chunks of flesh


   Skills:
 + Level 7.4 Fighting
 * Level 6.6 Maces & Flails
 - Level 9.6 Polearms
 - Level 1.7 Armour
 - Level 1.7 Dodging


You had 8 spell levels left.
You didn't know any spells.

Dungeon Overview and Level Annotations

Branches:
Dungeon (7/15)             Temple (0/1) D:7

Altars:
Ashenzari
Dithmenos
Elyvilon
Kikubaaqudgha
Makhleb
Trog
Xom

Shops:
D:6 (


Innate Abilities, Weirdness & Mutations

You have a pair of large horns on your head.
Your flesh is heat resistant. (rF+)
You are significantly more attuned to the shadows.


Message History

You are splashed with acid!
The acid burns!
* * * LOW HITPOINT WARNING * * *
Items here: % ) [ รท a club; a robe; a chunk of flesh; an orc skeleton Your skin crawls.
You feel resistant to hostile enchantments.
You are feeling hungry.
The jelly misses you.
You hit the jelly but do no damage. The acid corrodes you!
Your hands burn!
* * * LOW HITPOINT WARNING * * *
You headbutt the jelly, but do no damage.
The jelly is severely wounded.
The jelly hits you.
* * * LOW HITPOINT WARNING * * *
The acid corrodes you!
You are splashed with acid!
The acid burns!
* * * LOW HITPOINT WARNING * * *
You feel better. The jelly hits you.
* * * LOW HITPOINT WARNING * * *
You are splashed with acid!
The acid burns!
You die...

................>.......
#'####'###'#############....
#............... ...
#............... ...
#..#...###...... ... ##
##....#...... ...
#....######## ...
#............ ..
#.....J@..... #....).......
#..)......... #..).........
#...########## #... #...
###. #'


You could see a jelly.

Vanquished Creatures
  The ghost of PeterLawrence the Slicer, a novice MiFi of Okawaru (D:7)
  Pikel (D:5)
  The ghost of dxctxrx the Archer, a novice HEHu (D:5)
  A two-headed ogre (D:4)
  A spriggan (D:7)
  Duvessa (D:7)
  2 sky beasts (D:6)
  3 phantoms
  An ogre (D:7)
  3 centaurs
  A bullfrog (D:6)
  Dowan (D:7)
  3 scorpions
  2 crimson imps
  3 orc priests
  2 bullfrog skeletons
  A centaur skeleton (D:7)
  2 hounds (D:6)
  5 orc wizards
  An iguana (D:5)
  2 worker ants (D:4)
  A hound skeleton (D:6)
  10 adders
  2 shadow imps
  An ooze (D:4)
  An adder zombie (D:5)
  An adder skeleton (D:4)
  2 worms
  3 dart slugs
  4 leopard geckos
  18 orcs
  6 bats
  2 giant cockroaches
  7 goblins
  6 hobgoblins
  8 jackals (D:2)
  4 quokkas
  5 frilled lizards
  A jackal skeleton (D:4)
  A jackal zombie (D:7)
  9 kobolds
  A leopard gecko skeleton (D:4)
  7 rats
138 creatures vanquished.

Vanquished Creatures (others)
  A centaur (D:5)
  A water moccasin skeleton (D:5)
  An iguana (D:5)
3 creatures vanquished.

Grand Total: 141 creatures vanquished

Notes
Turn   | Place    | Note
-------+----------+-------------------------------------------
     0 | D:1      | Hybris the Demonspawn Berserker began the quest for the Orb.
     0 | D:1      | Reached XP level 1. HP: 18/18 MP: 1/1
   219 | D:1      | Reached skill level 3 in Polearms
   275 | D:1      | Gained mutation: You are slightly more attuned to the shadows. [demonic ancestry]
   275 | D:1      | Reached XP level 2. HP: 17/24 MP: 2/2
  1594 | D:2      | Gained mutation: You have a pair of small horns on your head. [demonic ancestry]
  1594 | D:2      | Reached XP level 3. HP: 26/29 MP: 3/3
  2029 | D:2      | Reached skill level 4 in Polearms
  2357 | D:3      | Found a shadowy altar of Dithmenos.
  2468 | D:3      | Gained mutation: You are significantly more attuned to the shadows. [demonic ancestry]
  2468 | D:3      | Reached XP level 4. HP: 27/35 MP: 4/4
  2563 | D:3      | Found a faded altar of an unknown god.
  2854 | D:3      | Reached ** piety under Trog
  3298 | D:3      | Reached skill level 5 in Polearms
  4593 | D:3      | Reached XP level 5. HP: 7/41 MP: 5/5
  5360 | D:4      | Found a bloodstained altar of Trog.
  5414 | D:4      | Reached skill level 6 in Polearms
  5532 | D:4      | Found an ancient bone altar of Kikubaaqudgha.
  5645 | D:4      | Noticed a two-headed ogre
  5655 | D:4      | Killed a two-headed ogre
  5655 | D:4      | Reached skill level 7 in Polearms
  5655 | D:4      | Gained mutation: You have a pair of horns on your head. [demonic ancestry]
  5655 | D:4      | Reached XP level 6. HP: 24/47 MP: 6/6
  6802 | D:4      | Gained mutation: You have a pair of large horns on your head. [demonic ancestry]
  6802 | D:4      | Reached XP level 7. HP: 24/52 MP: 7/7
  7062 | D:5      | Entered Level 5 of the Dungeon
  7206 | D:5      | Found a shattered altar of Ashenzari.
  7369 | D:5      | Reached skill level 8 in Polearms
  7427 | D:5      | Noticed dxctxrx's ghost (novice HEHu)
  7436 | D:5      | Killed dxctxrx's ghost
  7436 | D:5      | Gained mutation: Your flesh is heat resistant. (rF+) [demonic ancestry]
  7436 | D:5      | Reached XP level 8. HP: 60/60 MP: 8/8
  7568 | D:5      | Noticed Pikel
  7600 | D:5      | Killed Pikel
  7600 | D:5      | Reached skill level 5 in Fighting
  7600 | D:5      | Reached skill level 9 in Polearms
  8261 | D:5      | Reached skill level 1 in Maces & Flails
  8287 | D:6      | Reached *** piety under Trog
  8623 | D:6      | Reached XP level 9. HP: 56/69 MP: 9/9
  9239 | D:6      | Found a white marble altar of Elyvilon.
  9400 | D:6      | Found Pokef's Antique Weapon Shop.
  9604 | D:7      | Noticed PeterLawrence's ghost (novice MiFi)
  9633 | D:7      | HP: 5/103 [PeterLawrence's ghost (8)]
  9636 | D:7      | Killed PeterLawrence's ghost
  9636 | D:7      | Reached skill level 5 in Maces & Flails
  9643 | D:7      | HP: 3/71 [shadow imp (5)]
 10095 | D:7      | Noticed Duvessa
 10095 | D:7      | Noticed Dowan
 10115 | D:7      | Killed Duvessa
 10118 | D:7      | Killed Dowan
 10356 | D:7      | Found a staircase to the Ecumenical Temple.
 10418 | D:7      | Found a burning altar of Makhleb.
 10419 | D:7      | Found a shimmering altar of Xom.
 10485 | D:7      | HP: 2/72 [acid (5)]
 10486 | D:7      | Splashed by a jelly's acid

Skill      XL: |  1  2  3  4  5  6  7  8  9 |
---------------+----------------------------+-----
Polearms       | 3 4 5 7 8 9 |  9.6
Fighting       | 4 5 7 |  7.4
Maces & Flails | 2 6 |  6.6
Armour         | |  1.7
Dodging        | |  1.7

Action                   |  1- 3 |  4- 6 |  7- 9 || total
-------------------------+-------+-------+-------++-------
Melee: Spear             |   107 |   226 |    64 ||   397
       Headbutt          |     8 |    26 |    72 ||   106
       Whip              |       |       |   223 ||   223
Invok: Berserk           |     2 |     3 |     5 ||    10
       Trog's Hand       |       |     1 |     5 ||     6
       Burn Spellbooks   |       |       |     2 ||     2
  Use: Scroll            |       |     1 |     2 ||     3
       Potion            |       |       |     4 ||     4
 Stab: Sleeping          |    13 |    11 |     5 ||    29
       Distracted        |       |     1 |     2 ||     3
  Eat: Chunk             |     7 |    16 |    13 ||    36
       Pizza             |       |       |     1 ||     1
       Bread ration      |       |       |     1 ||     1
Armor: Animal skin       |     8 |    20 |    25 ||    53
Dodge: Dodged            |    37 |   101 |   136 ||   274
